 Dungeon Crawl Stone Soup version 0.24.0-1-gfbc8707122 (console) character file.

Game seed: 2281488763825855243, levelgen mode: deterministic

33 AlterAsc the Ruffian (level 3, 0/31 HPs)
             Began as a Naga Transmuter on Oct 28, 2019.
             Slain by an adder (2 damage)
             ... on level 2 of the Dungeon.
             The game lasted 00:05:35 (1371 turns).

AlterAsc the Ruffian (Naga Transmuter)              Turns: 1371, Time: 00:05:35

Health: 0/31       AC:  3    Str: 13    XL:     3   Next: 29%
Magic:  6/6        EV:  9    Int: 13    God:
Gold:   82         SH:  0    Dex: 11    Spells: 5/6 levels left

rFire    . . .     SeeInvis +     - Unarmed
rCold    . . .     Gourm    .   (no shield)
rNeg     . . .     Faith    .   f - +0 leather armour
rPois    +         Spirit   .   e - +0 helmet
rElec    .         Reflect  .   (no cloak)
rCorr    .         Harm     .   (no gloves)
MR       .....                  (no barding)
Stlth    +.........             (no amulet)
HPRegen  0.10/turn              (no ring)
MPRegen  0.10/turn              (no ring)

@: very slightly contaminated, invisible, very slow
A: large, see invisible, deformed body, poison resistance, slowness 2, slow
metabolism 1, spit poison 1, AC +1
a: Spit Poison


You were on level 2 of the Dungeon.
You were not hungry.

You visited 1 branch of the dungeon, and saw 2 of its levels.

You collected 82 gold pieces.

Inventory:

Missiles
 a - 12 arrows
 c - 17 stones (quivered)
Armour
 b - a +0 robe
 e - a +0 helmet (worn)
 f - a +0 leather armour (worn)
Scrolls
 h - a scroll of identify {unknown}
 j - a scroll of remove curse {unknown}
 l - a scroll of immolation {unknown}
Comestibles
 d - 4 rations
 k - a chunk of flesh


   Skills:
 - Level 1.3 Fighting
 - Level 1.8 Dodging
 * Level 3.6 Unarmed Combat
 - Level 2.2 Spellcasting
 - Level 2.2 Transmutations


You had 5 spell levels left.
You knew the following spells:

 Your Spells              Type           Power        Failure   Level  Hunger
a - Beastly Appendage     Tmut           #.....       13%         1    ##.....

Your spell library contained the following spells:

 Spells                   Type           Power        Failure   Level  Hunger
 Sticks to Snakes         Tmut           #.......     19%         2    ###....
 Spider Form              Tmut/Pois      #.........   52%         3    ####...
 Ice Form                 Ice/Tmut       #.......     89%         4    #####..
 Blade Hands              Tmut           #.........   98%         5    ######.


Dungeon Overview and Level Annotations

Branches:
Dungeon (2/15)

Altars:

Annotations:
D:2 Jessica


Innate Abilities, Weirdness & Mutations

You cannot wear boots.
Your serpentine skin is tough. (AC +1)
You have supernaturally acute eyesight. (SInv)
Armour fits poorly on your strangely shaped body.
Your system is resistant to poisons. (rPois)
You cover ground very slowly.
You have a slow metabolism.
You can spit poison.


Message History

The adder barely misses you.
You hit the adder.
The adder is moderately wounded.
The adder bites you.
You hit the adder.
The adder is severely wounded.
The adder bites you but does no damage. The adder bites you.
* * * LOW HITPOINT WARNING * * *
You miss the adder.
The adder is severely wounded.
The adder bites you but does no damage. The adder bites you.
* * * LOW HITPOINT WARNING * * *
You miss the adder.
The adder is severely wounded.
The adder closely misses you.
You miss the adder.
The adder is severely wounded.
The adder bites you.
You die...

####### ####
#########.....# ##...
............... #
...# ######.#.#
.##.#.. ...#
#.....)@S##.(....#
##.#
#####.#####.#K@(...(#
##.###.....#
##...##.#(...
##.....########..###
# . รท.....## #..)##
..............#.#
......###.....#.#
..##......###...#
#.##..... #..##


You could see an adder, Jessica and a kobold.

Vanquished Creatures
  An adder (D:2)
  2 leopard geckos
  2 giant cockroaches (D:1)
  5 goblins
  2 hobgoblins (D:2)
  5 kobolds (D:1)
  A bat (D:1)
  2 frilled lizards (D:1)
  A rat (D:1)
21 creatures vanquished.

Notes
Turn   | Place    | Note
-------+----------+-------------------------------------------
     0 | D:1      | AlterAsc the Naga Transmuter began the quest for the Orb.
     0 | D:1      | Reached XP level 1. HP: 18/18 MP: 3/3
    11 | D:1      | Noticed a minotaur zombie
    15 | D:1      | Noticed a minotaur zombie
   579 | D:1      | Reached XP level 2. HP: 25/25 MP: 5/5
  1271 | D:2      | Reached XP level 3. HP: 23/31 MP: 6/6
  1362 | D:2      | Noticed Jessica
  1371 | D:2      | Slain by an adder

Levels and vault maps discovered:
D:1:      shiori_arrival_whats_in_store_for_you, layout_loops_corners
D:2:      layout_rooms, first_ration, uniq_sigmund, uniq_jessica

Action                   || total
-------------------------++-------
Melee: Unarmed           ||   102
       Headbutt          ||     1
       Punch             ||     1
Throw: Stone             ||    27
 Cast: Beastly Appendage ||     1
  Use: Potion            ||     2
 Stab: Sleeping          ||     1
  Eat: Chunk             ||     1
Armor: Leather armour    ||    16
Dodge: Dodged            ||    43
